 Dungeon Crawl Stone Soup version 0.29.1-1-gd02db6906a (webtiles) character file.

Game seed: 16402368625428249945

179 porpoise the Poker (level 5, 0/43 HPs)
             Began as a Formicid Abyssal Knight on Oct 2, 2022.
             Was a Priest of Lugonu.
             Succumbed to a scorpion's poison
             ... on level 4 of the Dungeon.
             The game lasted 00:07:49 (3221 turns).

porpoise the Poker (Formicid Abyssal Knight)        Turns: 3221, Time: 00:07:50

Health: 0/43       AC:  9    Str: 20    XL:     5   Next: 90%
Magic:  15/15      EV:  7    Int:  9    God:    Lugonu [***...]
Gold:   181        SH:  0    Dex: 14    Spells: 4/4 levels left

rFire   . . .      SeeInvis +   a - +1 spear
rCold   + . .      Faith    .   (no shield)
rNeg    . . .      Spirit   .   m - +0 chain mail
rPois   .          Reflect  .   (helmet unavailable)
rElec   .          Harm     .   (no cloak)
rCorr   .          Rampage  .   (no gloves)
Will    .....                   i - +0 pair of boots
Stlth   ..........              (no amulet)
HPRegen 0.14/turn               n - ring of protection from cold
MPRegen 0.14/turn               o - ring of magical power

@: lethally poisoned (0 -> -16)
A: permanent stasis, dig shafts and tunnels, antennae 3, four strong arms
a: Dig, Shaft Self, Renounce Religion, Depart the Abyss, Bend Space, Banish


You were on level 4 of the Dungeon.
You worshipped Lugonu.
Lugonu was most pleased with you.
You visited 1 branch of the dungeon, and saw 4 of its levels.
You visited the Abyss 1 time.

You collected 181 gold pieces.

Inventory:

Hand Weapons
 a - a +1 spear (weapon)
 b - a +0 sling
Missiles
 r - a throwing net
 t - 2 poisoned darts
Armour
 i - a +0 pair of boots (worn)
 m - a +0 chain mail (worn)
Jewellery
 n - a ring of protection from cold (left hand)
 o - a ring of magical power (right hand)
Wands
 j - a wand of flame (18)
Scrolls
 c - 3 scrolls of identify
 f - a scroll of magic mapping {unknown}
 k - a scroll of vulnerability {unknown}
 l - a scroll of enchant armour {unknown}
 p - a scroll of silence {unknown}
 q - a scroll of poison {unknown}
 s - a scroll of immolation {unknown}
Potions
 g - 2 potions of magic
 h - 3 potions of attraction


   Skills:
 + Level 4.6 Fighting
 * Level 4.7 Polearms
 - Level 2.1 Armour
 - Level 0.8 Dodging
 - Level 2.1 Invocations


You had 4 spell levels left.
You didn't know any spells.
Your spell library contained the following spells:

 Spells                   Type           Power      Damage    Failure   Level
 Ensorcelled Hibernation  Hex/Ice        0%         N/A       100%        2
 Passwall                 Tmut/Erth      0%         N/A       100%        2
 Swiftness                Air            Unusable   N/A       N/A         3

Dungeon Overview and Level Annotations

Branches:
Dungeon (4/15)
 Temple: D:4-7

Altars:
Kikubaaqudgha
Okawaru
Sif Muna
The Shining One

Shops:
D:1 [


Innate Abilities, Weirdness & Mutations

You cannot be hasted, slowed, berserked, paralysed or teleported.
You can dig through walls and to a lower floor.
You have a pair of large antennae on your head. (SInv)
Your four strong arms can wield two-handed weapons with a shield.


Message History

You hit the scorpion.
The scorpion is lightly wounded.
You feel very sick.
The scorpion stings you but does no damage.
You hit the scorpion but do no damage.
The scorpion is lightly wounded.
You feel sick. The scorpion stings you.
You are lethally poisoned!
The scorpion poisons you!
You barely miss the scorpion.
The scorpion is lightly wounded.
* * * LOW HITPOINT WARNING * * *
You feel very sick. The scorpion barely misses you.
It was a potion of curing.
You feel better. The scorpion barely misses you.
Aiming: Throw Flame
Press: ? - help, Shift-Dir - straight line, f/p - scorpion
Aim: a scorpion (lightly wounded, 68% to hit)
The puff of flame hits the scorpion but does no damage.
The scorpion is lightly wounded.
The scorpion stings you.
You hit the scorpion.
The scorpion is moderately wounded.
The scorpion stings you.
You are poisoned.
The scorpion poisons you!
You hit the scorpion but do no damage.
The scorpion is moderately wounded.
You feel sick. The scorpion stings you.
* * * LOW HITPOINT WARNING * * *
You barely miss the scorpion.
The scorpion is moderately wounded.
* * * LOW HITPOINT WARNING * * *
You feel sick. The scorpion stings you.
* * * LOW HITPOINT WARNING * * *
You are more poisoned.
The scorpion poisons you!
You closely miss the scorpion.
The scorpion is moderately wounded.
You die...

....#≈.~~##
#.<.#....###
.....≈...#
#..........#
....≈...#
#.##..##....
....###.# ##.....#
... ...# #.#
#....### ... ...
##.#####..####....
..
##...#.#†..........
.........#.........
######.#.#.@.....##
######s.....#
..#...## ...#####
#.### ##


You could see a scorpion.

Vanquished Creatures
  A necrophage (D:4)
  4 adders
  3 gnolls (D:2)
  A worm (D:3)
  An orc (D:3)
  2 bats (D:3)
  3 endoplasms
  A giant cockroach (D:3)
  9 goblins
  2 hobgoblins
  5 kobolds
  2 quokkas
  6 ball pythons
  4 frilled lizards
  10 rats
54 creatures vanquished.

Notes
Turn   | Place    | Note
-------+----------+-------------------------------------------
     0 | Abyss:1  | porpoise the Formicid Abyssal Knight began the quest for
                  | the Orb.
     0 | Abyss:1  | Reached XP level 1. HP: 18/18 MP: 2/2
     1 | D:1      | Escaped the Abyss
   271 | D:1      | Reached XP level 2. HP: 24/24 MP: 3/3
   647 | D:1      | Found Toxops's Antique Armour Emporium.
   849 | D:2      | Found a faded altar of an unknown god.
   888 | D:2      | Reached XP level 3. HP: 19/30 MP: 4/4
  1375 | D:2      | Reached *** piety under Lugonu
  1545 | D:2      | Reached XP level 4. HP: 33/37 MP: 5/5
  1945 | D:3      | Found a shimmering blue altar of Sif Muna.
  2197 | D:3      | Found a glowing golden altar of the Shining One.
  2314 | D:3      | Reached XP level 5. HP: 21/42 MP: 6/6
  2527 | D:3      | Found an iron altar of Okawaru.
  3059 | D:4      | Found an ancient bone altar of Kikubaaqudgha.
  3221 | D:4      | Succumbed to a scorpion's poison

Illustrated notes

Levels and vault maps discovered:
D:1:      tarquinn_simple_flora_water_f, layout_basic, serial_shops, shop,
          serial_forest, infiniplex_forest_corner_2,
          infiniplex_forest_clump_small, infiniplex_forest_straight_1,
          infiniplex_forest_lined_2, infiniplex_forest_lined_3_way,
          infiniplex_forest_lined_3
D:2:      layout_rooms, ebering_ecumenical_altar_box, grunt_ministairs_13
D:3:      layout_basic, mainiacjoe_overflow_paths,
          mainiacjoe_overflow_concentric_impassable,
          mainiacjoe_overflow_tiny_flanked, serial_bayou_pond_e,
          serial_bayou_lake_a
D:4:      layout_cave_pools, nicolae_overflow_hidden_temple,
          general_overflow_altar, chequers_serial_rivers_micro_e,
          minmay_increasing_density

Skill      XL: |  1  2  3  4 |
---------------+-------------+-----
Polearms       | 3 4 |  4.7
Fighting       | 4 |  4.6
Armour         | |  2.1
Dodging        | |  0.8
Invocations    | |  2.1

Action                   |  1- 3 |  4- 6 || total
-------------------------+-------+-------++-------
Melee: Spear             |    95 |   116 ||   211
Evoke: Wand              |     1 |     1 ||     2
  Use: Scroll            |       |     4 ||     4
       Potion            |       |     1 ||     1
Armor: Scale mail        |    24 |     2 ||    26
       Chain mail        |       |    27 ||    27
Dodge: Dodged            |    15 |    30 ||    45
